 Dungeon Crawl Stone Soup version 0.28.0-45-g0d030f2227 (webtiles) character file.

Game seed: 10787442512567201976

86 dianekeaton the Cudgeller (level 4, 0/58 HPs)
             Began as a Minotaur Fighter on Apr 5, 2022.
             Slain by a scorpion (6 damage)
             ... in the Ecumenical Temple.
             The game lasted 00:09:30 (2940 turns).

dianekeaton the Cudgeller (Minotaur Fighter)        Turns: 2940, Time: 00:09:30

Health: 0/58       AC: 22    Str: 23    XL:     4   Next: 27%
Magic:  3/3        EV:  2    Int:  5    God:
Gold:   13         SH:  4    Dex:  9    Spells: 3/3 levels left

rFire   . . .      SeeInvis .   o - +2 flail (vorpal)
rCold   . . .      Faith    .   c - +0 buckler
rNeg    . . .      Spirit   .   (armour currently unavailable)
rPois   +          Reflect  .   (helmet currently unavailable)
rElec   .          Harm     .   (cloak currently unavailable)
rCorr   .          Rampage  .   (gloves currently unavailable)
Will    .....      NoTele   +   (boots currently unavailable)
Stlth   +.........              (no amulet)
HPRegen 0.19/turn               (no ring)
MPRegen 0.08/turn               (no ring)

@: tree-form
A: stationary, stasis, torment immunity, boosted hp, (horns 2), (retaliatory
headbutt)
a: no special abilities


You were in the Ecumenical Temple.
You were a tree.
You visited 2 branches of the dungeon, and saw 5 of its levels.

You collected 13 gold pieces.

Inventory:

Hand Weapons
 o - a +2 vorpal flail (weapon)
Missiles
 g - 101 stones (quivered)
Armour
 c - a +0 buckler (worn)
 e - a +0 chain mail (melded)
Magical Staves
 k - a staff of poison
Scrolls
 b - a scroll of acquirement {unknown}
 f - 2 scrolls of fear {unknown}
 i - a scroll of holy word {unknown}
 j - a scroll of immolation {unknown}
 l - 4 scrolls of identify {unknown}
Potions
 h - 4 potions of curing {unknown}
 m - a potion of resistance {unknown}
 n - a potion of magic {unknown}


   Skills:
 - Level 3.6 Fighting
 + Level 5.5 Maces & Flails
 - Level 3.6 Armour
 - Level 0.3 Dodging
 - Level 3.6 Shields


You had 3 spell levels left.
You didn't know any spells.
Your spell library contained the following spells:

 Spells                   Type           Power      Damage    Failure   Level
 Sting                    Tmut/Pois      0%         1d3       56%         1
 Poisonous Vapours        Pois/Air       0%         N/A       71%         2
 Olgreb's Toxic Radiance  Pois           0%         N/A       100%        4


Dungeon Overview and Level Annotations

Branches:
Dungeon (4/15)             Temple (1/1) D:4

Altars:
Hepliaklqana
Uskayaw

Annotations:
D:3 Sigmund


Innate Abilities, Weirdness & Mutations

You are a tree.
Your roots penetrate the ground, keeping you stationary.
You cannot be teleported.
You are immune to unholy pain and torment.
Your maximum health is greatly increased.
Your equipment is partially melded.
((You have a pair of horns on your head.))
((You reflexively headbutt those who attack you in melee.))


Message History

You open the door. The scorpion stings you. x2
Found a hazy altar of Hepliaklqana.
There is an open door here.
The scorpion misses you. You furiously retaliate!
You headbutt the scorpion! The scorpion stings you.
You open the door. The scorpion stings you.
Found a hide-covered altar of Uskayaw.
There is an open door here.
o - a +2 vorpal flail (weapon)
The scorpion stings you but does no damage.
It was a potion of lignification.
You turn into a tree.
Your +0 chain mail melds into your body.
Your roots penetrate the ground.
The scorpion stings you but does no damage.
The scorpion stings you but does no damage.
The scorpion stings you but does no damage. x2
The scorpion stings you.
* * * LOW HITPOINT WARNING * * *
You are poisoned.
The scorpion poisons you!
You feel sick.
The scorpion stings you but does no damage.
You feel sick.
The scorpion stings you but does no damage.
You feel sick.
The scorpion stings you but does no damage.
You feel sick. The scorpion barely misses you. You block the scorpion's attack.
You feel sick.
The scorpion stings you but does no damage.
You feel sick.
The scorpion stings you but does no damage.
You feel sick.
You are no longer poisoned.
The scorpion stings you but does no damage.
The scorpion stings you but does no damage.
The scorpion stings you.
* * * LOW HITPOINT WARNING * * *
The scorpion stings you but does no damage.
The scorpion stings you.
You die...

##.....## ####
+.......###...##
#...<...##.....##
#.......'.......#
##.....##..._...#
##...###.......#
###+####.....##
##...#s#...##
#....♣######
#.......#
#..._...#
#.......#
##.....## +#...##
###+


You could see a scorpion.

Vanquished Creatures
  Robin (D:2)
  2 adders (D:2)
  A dart slug (D:1)
  4 orcs
  3 bats
  6 endoplasms
  A giant cockroach (D:1)
  6 goblins
  6 hobgoblins
  2 jackals (D:1)
  2 quokkas (D:1)
  3 ball pythons
  4 frilled lizards (D:1)
  3 kobolds (D:1)
  6 rats
50 creatures vanquished.

Vanquished Creatures (others)
  A plant (D:4)
1 creature vanquished.

Grand Total: 51 creatures vanquished

Notes
Turn   | Place    | Note
-------+----------+-------------------------------------------
     0 | D:1      | dianekeaton the Minotaur Fighter began the quest for the
                  | Orb.
     0 | D:1      | Reached XP level 1. HP: 19/19 MP: 0/0
    97 | D:1      | Reached skill level 3 in Maces & Flails
   253 | D:1      | Reached XP level 2. HP: 26/26 MP: 1/1
   434 | D:1      | Reached skill level 4 in Maces & Flails
   735 | D:1      | Reached XP level 3. HP: 31/31 MP: 2/2
  1449 | D:2      | Noticed Robin
  1464 | D:2      | Killed Robin
  1465 | D:2      | Reached skill level 5 in Maces & Flails
  1855 | D:2      | Reached XP level 4. HP: 30/39 MP: 3/3
  2538 | D:3      | Found a faded altar of an unknown god.
  2856 | D:3      | Noticed Sigmund
  2896 | D:4      | Noticed a scorpion
  2901 | D:4      | Found a staircase to the Ecumenical Temple.
  2911 | Temple   | Entered the Ecumenical Temple
  2940 | Temple   | Slain by a scorpion

Illustrated notes

Levels and vault maps discovered:
D:1:      giann_wishing_wells, layout_loops_corners, serial_glass,
          glass_columns_a, glass_columns_a, glass_columns_a, glass_columns_a,
          glass_columns_a, glass_columns_a, glass_columns_c, glass_columns_c
D:2:      layout_loops_corners, uniq_robin
D:3:      layout_basic, chequers_ecumenical_altar_island, serial_shops, shop,
          minivault_27, st_stairs_8, chequers_serial_rivers_room_b,
          minmay_misc_feat_alley, uniq_sigmund
D:4:      layout_rooms, minmay_temple_entry_offerings, serial_bayou_lagoon_a,
          minmay_goblin_outpost
Temple:   mainiacjoe_temple_hex_bubbles

Skill      XL: |  1  2  3 |
---------------+----------+-----
Maces & Flails | 3 4 5 |  5.5
Fighting       | |  3.6
Armour         | |  3.6
Dodging        | |  0.3
Shields        | |  3.6

Action                   |  1- 3 |  4- 6 || total
-------------------------+-------+-------++-------
Melee: Flail             |   102 |    19 ||   121
       Headbutt          |     5 |     1 ||     6
Throw: Stone             |       |    10 ||    10
  Use: Potion            |     1 |     1 ||     2
Armor: Scale mail        |    12 |       ||    12
       Chain mail        |    51 |    15 ||    66
       Skin              |       |    12 ||    12
Dodge: Dodged            |    37 |    17 ||    54
Block: Buckler           |    24 |     6 ||    30
